 Dungeon Crawl Stone Soup version 0.19-a0-1007-g133f65f (webtiles) character file.

2 4thArraOfDagon the Skirmisher (level 1, 2/19 HPs)
             Began as a Draconian Abyssal Knight on July 19, 2016.
             Was an Initiate of Lugonu.
             Quit the game on level 2 of the Dungeon.
             The game lasted 00:01:04 (156 turns).

4thArraOfDagon the Skirmisher (DrAK)                 Turns: 156, Time: 00:01:04

Health: 2/19       AC:  4    Str: 11 (12) XL:     1   Next: 25%
Magic:  2/2        EV: 12    Int: 12      God:    Lugonu [......]
Gold:   0          SH:  0    Dex: 10      Spells: 0 memorised, 0 levels left

rFire  . . .     SeeInvis .       - Unarmed
rCold  . . .     Gourm    .     (armour unavailable)
rNeg   . . .     Faith    .     (no shield)
rPois  .         Spirit   .     (helmet restricted)
rElec  .         Dismiss  .     (no cloak)
rCorr  .         Reflect  .     (no gloves)
SustAt .         Harm     .     (no boots)
MR     .....                    (no amulet)
Stlth  +.........               (no ring)
                                (no ring)

@: lethally poisoned (2 -> -12), very slightly contaminated, not resistant to
hostile enchantments, very unstealthy
A: unfitting armour, deterioration 1, weak 1, cold-blooded, subdued magic 1, AC
+4
a: Renounce Religion


You were on level 2 of the Dungeon.
You worshipped Lugonu.
Lugonu was noncommittal.
You were not hungry.

You visited 1 branch of the dungeon, and saw 2 of its levels.
You visited the Abyss 1 time.

Inventory:

Scrolls
 b - a scroll of random uselessness {unknown}
 c - a scroll of identify {unknown}
Comestibles
 a - a bread ration


   Skills:
 - Level 3.2 Fighting
 + Level 2.1 Dodging
 * Level 2.1 Unarmed Combat
 + Level 2.0 Invocations


You couldn't memorise any spells.
You didn't know any spells.

Dungeon Overview and Level Annotations

Branches:
Dungeon (2/15)

Altars:


Innate Abilities, Weirdness & Mutations

Your plain brown scales are hard. (AC +4)
Your body does not fit into most forms of armour.
You are cold-blooded and may be slowed by cold attacks.
Your body sometimes deteriorates upon taking damage.
You are weak. (Str -2)
Your spells are a little easier to cast, but a little less powerful.


Message History

* * * LOW HITPOINT WARNING * * *
You feel sick. The adder bites you.
* * * LOW HITPOINT WARNING * * *
You are more poisoned.
The adder poisons you!
You aren't carrying any potions.
You miss the adder.
The adder is moderately wounded.
* * * LOW HITPOINT WARNING * * *
You feel sick. The adder barely misses you.
Unknown command.
You hit the adder.
You tail-slap the adder, but do no damage.
The adder is heavily wounded.
* * * LOW HITPOINT WARNING * * *
You feel sick. The adder bites you but does no damage.
The adder barely misses you.
Unknown command.
Unknown command.
Are you sure you want to abandon this character and quit the game? (Confirm with "yes".)

#.# #.
#.#..
#.#.# #
#.#.#
.# #...
.( #..
.? #.##
.#
#..#..#
##@..#
##S##
b..
.##.#
.. # #.
.# ..


You could see an adder and a bat.

Vanquished Creatures
  A giant gecko (D:1)
1 creature vanquished.

Notes
Turn   | Place    | Note
-------+----------+-------------------------------------------
     0 | Abyss:1  | 4thArraOfDagon the Draconian Abyssal Knight began the quest for the Orb.
     0 | Abyss:1  | Reached XP level 1. HP: 19/19 MP: 2/2
    19 | Abyss:1  | Gained mutation: Your spells are a little easier to cast, but a little less powerful. [mutagenic glow]
    25 | Abyss:1  | Found a corrupted altar of Lugonu.
    57 | Abyss:1  | Gained mutation: Your body sometimes deteriorates upon taking damage. [mutagenic glow]
    62 | Abyss:1  | Noticed a small abomination
    64 | Abyss:1  | Noticed a bone dragon
    64 | Abyss:1  | magipi: why disn't you go out?
    79 | Abyss:1  | Gained mutation: You are weak. (Str -2) [mutagenic glow]
    98 | Abyss:1  | Noticed a ynoxinul
   109 | D:1      | Escaped the Abyss
   156 | D:2      | Quit the game

Vault maps used:
D:1:      minmay_arrival_open_corners
D:2:      serial_forest, infiniplex_forest_zigzag_1,
          infiniplex_forest_lined_corner, infiniplex_forest_end_3,
          infiniplex_forest_diagonal, infiniplex_forest_clump_cross,
          infiniplex_forest_clump_curved, hangedman_decor_push, uniq_sigmund,
          uniq_natasha, uniq_iyjb

Action                   || total
-------------------------++-------
Melee: Unarmed           ||    16
       Tailslap          ||     3
Invok: Depart the Abyss  ||     1
Armor: Skin              ||     2
Dodge: Dodged            ||    11
